 Dungeon Crawl Stone Soup version 0.31-a0-744-gbc345e7fcb (webtiles) character file.

Game seed: 508061316652628384

96 Newt the Trooper (level 4, -1/38 HPs)
             Began as a Demonspawn Gladiator on Sept 13, 2023.
             Slain by a river rat (6 damage)
             ... on level 3 of the Dungeon.
             The game lasted 00:02:04 (2365 turns).

Newt the Trooper (Demonspawn Gladiator)             Turns: 2365, Time: 00:02:05

Health: -1/38      AC:  4    Str: 16    XL:     4   Next: 41%
Magic:  4/4        EV: 12    Int: 10    God:
Gold:   153        SH:  0    Dex: 14    Spells: 3/3 levels left

rFire   . . .        a - +0 rapier (protect)
rCold   . . .        (no shield)
rNeg    . . .        b - +0 leather armour
rPois   +            c - +0 helmet
rElec   .            (no cloak)
rCorr   .            (no gloves)
SInv    .            (no boots)
Will    .....        (no amulet)
Stlth   +            j - ring of poison resistance
HPRegen 0.26/turn    (no ring)
MPRegen 0.09/turn

%: no passive effects
@: very slow
A: hooves 1
a: no special abilities


You were on level 3 of the Dungeon.
You visited 1 branch of the dungeon, and saw 3 of its levels.

You collected 153 gold pieces.

Inventory:

Hand Weapons
 a - a +0 rapier of protection (weapon)
Missiles
 e - 5 javelins
 m - 6 poisoned darts
Armour
 b - a +0 leather armour (worn)
 c - a +0 helmet (worn)
Jewellery
 j - a ring of poison resistance (left hand)
Scrolls
 f - a scroll of amnesia
 k - 2 scrolls of vulnerability
 l - a scroll of fog
Potions
 g - a potion of mutation
 h - a potion of haste
 i - 2 potions of curing
 n - 2 potions of heal wounds {unknown}
 o - a potion of degeneration {unknown}
 p - a potion of might {unknown}


   Skills:
 + Level 4.7 Fighting
 - Level 2.6 Short Blades
 - Level 1.7 Throwing
 - Level 2.6 Dodging


You had 3 spell levels left.
You didn't know any spells.
Your spell library was empty.

Dungeon Overview and Level Annotations

Branches:
Dungeon (3/15)

Altars:

Shops:
D:3 [


Innate Abilities, Weirdness & Mutations

You have large cloven feet.


Message History

The river rat is moderately wounded.
The river rat bites you.
* * * LOW HITPOINT WARNING * * *
Your unstable footing causes you to fumble your attack.
The river rat barely misses you.
You hit the river rat but do no damage. You kick the river rat.
The river rat is heavily wounded.
The river rat bites you.
* * * LOW HITPOINT WARNING * * *
You hit the river rat.
The river rat is heavily wounded.
The river rat bites you but does no damage.
The river rat bites you.
* * * LOW HITPOINT WARNING * * *
You barely miss the river rat.
The river rat is heavily wounded.
The river rat barely misses you.
Your unstable footing causes you to fumble your attack.
The river rat completely misses you.
You closely miss the river rat. Your kick misses the river rat.
The river rat is heavily wounded.
The river rat misses you.
Your unstable footing causes you to fumble your attack.
The river rat barely misses you.
You hit the river rat.
Your weapon exudes an aura of protection.
The river rat is severely wounded.
The river rat closely misses you.
Your unstable footing causes you to fumble your attack.
The river rat bites you.
* * * LOW HITPOINT WARNING * * *
You closely miss the river rat.
You punch the river rat, but do no damage.
The river rat is severely wounded.
The river rat bites you.
* * * LOW HITPOINT WARNING * * *
You completely miss the river rat.
The river rat is severely wounded.
The river rat bites you.
You die...

#.##.........#
#.##########.#
###.# #.#
....#
#.#######
#####
#.......## #
#.###.#..# #
#####....# #
#~r~#....# #
#@#~...# .
#~#~...# .
#~~~~..#
#~#~..##
#~~~..#
#~#...#
#~~~..#
#~~...#
#######


You could see a river rat.

Vanquished Creatures
  Natasha (D:2)
  A gnoll (D:1)
  A river rat (D:3)
  3 adders
  An endoplasm (D:2)
  A goblin (D:1)
  2 quokkas
  6 ball pythons
  4 bats
  2 frilled lizards
  5 kobolds
  3 rats
30 creatures vanquished.

Notes
Turn   | Place    | Note
-------+----------+-------------------------------------------
     0 | D:1      | Newt the Demonspawn Gladiator began the quest for the Orb.
     0 | D:1      | Reached XP level 1. HP: 16/16 MP: 1/1
   123 | D:1      | Gained mutation: You have large cloven feet. [demonic
                  | ancestry]
   123 | D:1      | Reached XP level 2. HP: 19/23 MP: 2/2
   287 | D:1      | Reached skill level 3 in Fighting
   651 | D:1      | Found a faded altar of an unknown god.
  1074 | D:2      | Reached XP level 3. HP: 27/29 MP: 3/3
  1606 | D:2      | Noticed Natasha
  1615 | D:2      | Killed Natasha
  1616 | D:2      | Reached skill level 4 in Fighting
  1944 | D:2      | Reached XP level 4. HP: 36/38 MP: 4/4
  2172 | D:3      | Found Ivakay's Antique Armour Emporium.
  2365 | D:3      | Slain by a river rat

Illustrated notes

Levels and vault maps discovered:
D:1:      dpeg_arrival_windows_large_door, layout_loops_ring,
          dreamdust_ecumenical_altar_grove
D:2:      layout_basic, serial_forest, infiniplex_forest_clump_curved,
          infiniplex_forest_straight_4, infiniplex_forest_end_2,
          infiniplex_forest_clump_medium, infiniplex_forest_straight_2,
          infiniplex_forest_lined_corner, uniq_natasha
D:3:      layout_loops_ring, lightli_sewer_entry_pipes, serial_shops,
          nicolae_shop_hallway_plus, chequers_decorated_corner

Skill      XL: |  1  2  3 |
---------------+----------+-----
Fighting       | 3 4 |  4.7
Short Blades   | |  2.6
Throwing       | |  1.7
Dodging        | |  2.6

Action                     |  1- 3 |  4- 6 || total
---------------------------+-------+-------++-------
  Melee: Rapier            |    77 |    57 ||   134
         Kick              |     8 |    11 ||    19
         Punch             |       |     1 ||     1
  Throw: Throwing net      |       |     3 ||     3
    Use: Scroll            |     9 |     3 ||    12
         Potion            |       |     1 ||     1
 Armour: Leather armour    |    45 |    32 ||    77
  Dodge: Dodged            |    56 |    29 ||    85

Table legend: (Time is in decaauts)
 A = Elapsed time spent in this place.
 B = Non-inter-level travel time spent in this place.
 C = Inter-level travel time spent in this place.
 D = Time resting spent in this place.
 E = Time spent auto-exploring this place.
 F = Levels seen in this place.
 G = Mean time per level.
                   A        B        C        D        E       F      G
               +--------+--------+--------+--------+--------+-----+--------+
         Total |   2387 |   2246 |    141 |    424 |   1454 |   3 |  795.7 |
       Dungeon |   2387 |   2246 |    141 |    424 |   1454 |   3 |  795.7 |
               +--------+--------+--------+--------+--------+-----+--------+

Top non-repeatable levels by time:
     D:2: 1183 daAuts
     D:1: 883 daAuts
     D:3: 320 daAuts
